 Dungeon Crawl Stone Soup version 0.29-a0-834-g1e95ca9f62 (webtiles) character file.

Game seed: 17124835432979435611

28 RevDB the Ruffian (level 2, -4/24 HPs)
             Began as a Draconian Transmuter on July 12, 2022.
             Slain by a kobold
             ... wielding a +0 whip of holy wrath
              (5 damage)
             ... on level 2 of the Dungeon.
             The game lasted 00:06:38 (733 turns).

RevDB the Ruffian (Draconian Transmuter)             Turns: 733, Time: 00:06:39

Health: -4/24      AC:  4    Str: 12    XL:     2   Next: 96%
Magic:  2/5        EV: 12    Int: 13    God:
Gold:   51         SH:  0    Dex: 11    Spells: 2/5 levels left

rFire   . . .      SeeInvis .     - Unarmed
rCold   . . .      Faith    .   (no shield)
rNeg    . . .      Spirit   .   (body armour unavailable)
rPois   .          Reflect  .   (helmet restricted)
rElec   .          Harm     .   (no cloak)
rCorr   .          Rampage  .   (no gloves)
Will    .....                   (no boots)
Stlth   +.........              (no amulet)
HPRegen 0.08/turn               (no ring)
MPRegen 0.09/turn               (no ring)

@: lethally poisoned (-4 -> -6), wereblooded
A: AC +4, unfitting armour, cold-blooded
a: no special abilities


You were on level 2 of the Dungeon.
You visited 1 branch of the dungeon, and saw 2 of its levels.

You collected 51 gold pieces.

Inventory:

Potions
 a - a potion of lignification
 b - a potion of attraction {unknown}
 c - a potion of flight {unknown}


   Skills:
 - Level 2.0 Fighting
 - Level 2.0 Dodging
 + Level 3.7 Unarmed Combat
 - Level 2.0 Spellcasting
 - Level 2.0 Transmutations


You had 2 spell levels left.
You knew the following spells:

 Your Spells              Type           Power      Damage    Failure   Level
a - Beastly Appendage     Tmut           12%        N/A       11%         1
b - Wereblood             Tmut           6%         N/A       17%         2

Your spell library contained the following spells:

 Spells                   Type           Power      Damage    Failure   Level
 Spider Form              Tmut/Pois      3%         N/A       45%         3
 Ice Form                 Ice/Tmut       3%         N/A       86%         4


Dungeon Overview and Level Annotations

Branches:
Dungeon (2/15)

Altars:


Innate Abilities, Weirdness & Mutations

Your plain brown scales are hard. (AC +4)
You cannot fit into any form of body armour.
You are cold-blooded and may be slowed by cold attacks.


Message History

Okay, then.
Casting: Beastly Appendage (safe; 11% risk of failure)
Confirm with . or Enter, or press ? or * to list all spells.
Your blood is infused with primal strength.
The adder closely misses you. The adder completely misses you.
You closely miss the adder. Your kick misses the adder.
The adder bites you but does no damage.
You hit the adder. Your kick misses the adder.
The adder is moderately wounded.
The adder barely misses you.
You hit the adder. Your headbutt misses the adder.
Your tail-slap misses the adder.
The adder is severely wounded.
The adder bites you.
* * * LOW HITPOINT WARNING * * *
You completely miss the adder. Your kick misses the adder.
The adder is severely wounded.
The adder completely misses you.
You closely miss the adder. Your kick misses the adder.
The adder is severely wounded.
Your horns disappear.
Your talons disappear.
The adder bites you.
* * * LOW HITPOINT WARNING * * *
You are lethally poisoned!
The adder poisons you! The adder bites you.
* * * LOW HITPOINT WARNING * * *
You hit the adder.
You feel a bit better.
You kill the adder!
* * * LOW HITPOINT WARNING * * *
You feel sick.
You miss the kobold.
You howl as the wereblood boils in your veins!
* * * LOW HITPOINT WARNING * * *
You feel sick. The kobold misses you.
You hit the kobold but do no damage.
Your tail-slap misses the kobold.
* * * LOW HITPOINT WARNING * * *
You feel sick. The kobold closely misses you.
You closely miss the kobold.
Your tail-slap misses the kobold.
The kobold hits you with a +0 whip of holy wrath.
You die...

.....#?........
............
.........# #.?!....#
#.......# #.....#####
##w..#.....
#K##>..... #@#.......
##.#.......
##..#.......
########...........
#...........##...#
#..........## ##
#.........###########
#............[.......
#.........###########


You could see a worm and a kobold.

Vanquished Creatures
  An adder (D:2)
  A dart slug (D:1)
  An endoplasm (D:1)
  3 hobgoblins (D:1)
  4 kobolds (D:1)
  A quokka (D:1)
  2 ball pythons (D:1)
  A frilled lizard (D:1)
  3 rats (D:1)
17 creatures vanquished.

Notes
Turn   | Place    | Note
-------+----------+-------------------------------------------
     0 | D:1      | RevDB the Draconian Transmuter began the quest for the Orb.
     0 | D:1      | Reached XP level 1. HP: 16/16 MP: 3/3
   122 | D:1      | Reached XP level 2. HP: 24/24 MP: 3/5
   129 | D:1      | Learned a level 2 spell: Wereblood
   703 | D:2      | Identified the +8 ring mail of Fortitude {-Cast Harm Fly
                  | rN+}
   732 | D:2      | HP: 1/24 [poisoned by an adder]
   733 | D:2      | Slain by a kobold

Illustrated notes

Levels and vault maps discovered:
D:1:      nicolae_arrival_memento_mori, layout_basic, feat_on_display
D:2:      layout_rooms, minmay_tetromino_s4

Skill      XL: |  1 |
---------------+----+-----
Dodging        | 2 |  2.0
Fighting       | 2 |  2.0
Unarmed Combat | |  3.7
Spellcasting   | |  2.0
Transmutations | |  2.0

Action                   || total
-------------------------++-------
Melee: Unarmed           ||    47
       Headbutt          ||     6
       Kick              ||     4
       Punch             ||     1
       Tailslap          ||     2
 Cast: Beastly Appendage ||    12
       Wereblood         ||     1
Armor: Skin              ||     6
Dodge: Dodged            ||    24

Table legend: (Time is in decaauts)
 A = Elapsed time spent in this place.
 B = Non-inter-level travel time spent in this place.
 C = Inter-level travel time spent in this place.
 D = Time resting spent in this place.
 E = Time spent auto-exploring this place.
 F = Levels seen in this place.
 G = Mean time per level.
                   A        B        C        D        E       F      G
               +--------+--------+--------+--------+--------+-----+--------+
         Total |    731 |    679 |     52 |      0 |     94 |   2 |  365.5 |
       Dungeon |    731 |    679 |     52 |      0 |     94 |   2 |  365.5 |
               +--------+--------+--------+--------+--------+-----+--------+

Top non-repeatable levels by time:
     D:1: 677 daAuts
     D:2: 54 daAuts
